Winnipeg Jets vs Vancouver Canucks
Created - Wednesday, April 17, 2024 at 07:47
Goals
|
| Winnipeg Jets |
0 |
2 |
3 |
5 |
| Vancouver Canucks |
0 |
0 |
2 |
2 |
|
Shots
|
| Winnipeg Jets |
13 |
10 |
11 |
34 |
| Vancouver Canucks |
12 |
9 |
18 |
39 |
|
1st period
No Goal
Penalties :
Calen Addison (WPG) for Hooking (Minor) at 3:28, Kasperi Kapanen (VAN) for Hooking (Minor) at 11:16
2nd period
1. Winnipeg Jets , Calen Addison 3 (Alex DeBrincat 18) at 16:30 (PP)
2. Winnipeg Jets , Joel Armia 8 (Ty Smith 5, Jordan Harris 6) at 19:16
Penalties :
Barclay Goodrow (WPG) for Cross-checking (Minor) at 1:07, Mikko Rantanen (VAN) for Boarding (Minor) at 6:11, Nathan Beaulieu (WPG) for High sticking (Minor) at 13:13, Jacob Bryson (VAN) for Cross-checking (Minor) at 15:51, Kasperi Kapanen (VAN) for Tripping (Minor) at 19:21
3rd period
3. Vancouver Canucks , Noah Cates 7 (Jake Bean 6) at 1:47
4. Winnipeg Jets , Dante Fabbro 1 (Pius Suter 4, Klim Kostin 6) at 13:15
5. Winnipeg Jets , Connor McDavid 20 (Nick Suzuki 40, Nathan Beaulieu 16) at 16:15
6. Winnipeg Jets , Matthew Beniers 13 (Calen Addison 13) at 16:21
7. Vancouver Canucks , Casey Mittelstadt 15 (Clayton Keller 14) at 17:48
Penalties :
Calen Addison (WPG) for Tripping (Minor) at 2:46, Nathan Beaulieu (WPG) for Hooking (Minor) at 13:48
Goalie Stats
Pavel Francouz (WPG), 37 saves from 39 shots - (0.949), W, 4-5-0, 60:00 minutes
Ville Husso (VAN), 29 saves from 34 shots - (0.853), L, 7-15-0, 60:00 minutes
Players Stats for Winnipeg Jets
Player Name G A P +/- PIM S H SB GA TA FO MP PP MP PK MP
------------------------------------------------------------------------------------
Alex DeBrincat 0 1 1 0 0 1 4 0 1 0 1/3 20:17 3:23 4:59
Andrew Cogliano 0 0 0 -1 0 1 2 0 0 0 1/2 15:02 3:13 0:00
Barclay Goodrow 0 0 0 1 2 0 2 0 0 2 0/0 11:42 0:00 0:00
Calen Addison 1 1 2 1 4 1 0 1 0 1 0/0 17:39 3:50 0:00
Connor McDavid 1 0 1 1 0 4 0 3 1 0 14/27 20:37 3:23 4:51
Dante Fabbro 1 0 1 1 0 2 2 2 1 1 0/0 26:39 2:46 5:17
Dylan Samberg 0 0 0 1 0 1 3 0 0 0 0/0 22:17 3:50 4:38
Joel Armia 1 0 1 1 0 4 2 1 0 0 1/1 12:05 0:00 0:10
Jordan Harris 0 1 1 0 0 0 0 1 0 0 0/0 16:03 0:00 4:48
Kaapo Kakko 0 0 0 -1 0 2 1 0 0 1 0/1 15:02 3:13 0:00
Klim Kostin 0 1 1 1 0 1 0 0 0 0 0/0 7:21 0:00 0:00
Lucas Raymond 0 0 0 0 0 4 0 0 1 0 0/1 20:17 3:23 4:59
Matthew Beniers 1 0 1 1 0 5 2 0 1 0 4/8 11:13 0:00 0:00
Nathan Beaulieu 0 1 1 1 4 1 1 1 0 0 0/0 24:22 2:46 3:01
Nick Suzuki 0 1 1 0 0 2 1 0 1 0 7/14 20:17 3:13 4:46
Pius Suter 0 1 1 1 0 2 0 0 0 0 0/0 8:08 0:00 0:05
Sam Steel 0 0 0 1 0 2 2 0 2 0 2/4 7:21 0:00 0:00
Ty Smith 0 1 1 1 0 1 0 0 0 0 0/0 13:38 0:00 2:06
Players Stats for Vancouver Canucks
Player Name G A P +/- PIM S H SB GA TA FO MP PP MP PK MP
------------------------------------------------------------------------------------
Adam Boqvist 0 0 0 -1 0 1 1 0 0 1 0/0 21:23 5:07 3:23
Aleksander Barkov 0 0 0 -1 0 2 1 0 0 0 11/20 19:39 5:02 2:59
Anton Lundell 0 0 0 -2 0 1 2 1 0 0 1/2 12:02 0:00 0:06
Artturi Lehkonen 0 0 0 -1 0 2 1 0 0 0 1/1 19:15 4:53 3:23
Casey Mittelstadt 1 0 1 1 0 4 0 0 1 0 9/19 17:12 4:53 0:33
Chad Ruhwedel 0 0 0 -1 0 3 1 0 0 1 0/0 21:23 5:07 3:23
Clayton Keller 0 1 1 1 0 3 1 0 1 1 1/4 20:08 5:02 3:23
Jacob Bryson 0 0 0 -1 2 0 0 1 0 0 0/0 13:01 0:00 0:00
Jake Bean 0 1 1 -1 0 0 1 0 0 0 0/0 13:02 0:00 0:00
Jesperi Kotkaniemi 0 0 0 -2 0 4 2 0 0 1 6/10 12:40 0:00 0:47
Kasperi Kapanen 0 0 0 1 4 1 1 0 2 0 0/0 17:06 4:48 0:00
Mikko Rantanen 0 0 0 -1 2 1 2 0 0 1 1/1 18:43 5:02 2:01
Miro Heiskanen 0 0 0 0 0 3 0 1 0 1 0/0 25:35 4:48 3:13
Noah Cates 1 0 1 0 0 5 2 0 0 1 1/3 8:12 0:00 0:00
Noah Hanifin 0 0 0 0 0 0 1 1 0 0 0/0 25:35 4:48 3:13
Robby Fabbri 0 0 0 0 0 4 0 0 0 0 0/0 8:12 0:00 0:00
Sam Lafferty 0 0 0 0 0 2 1 0 0 0 0/0 8:12 0:00 0:00
Taylor Raddysh 0 0 0 -2 0 3 2 0 1 1 0/1 12:00 0:05 0:00
3 Stars
1 - Pavel Francouz (WPG)
2 - Dante Fabbro (WPG)
3 - Joel Armia (WPG)
Power Play
Winnipeg Jets - 1 on 4 Attempt(s) - 25.00%
Vancouver Canucks - 0 on 5 Attempt(s) - 0.00%
Penalty Kill
Winnipeg Jets - 5 on 5 Attempt(s) - 100.00%
- Score 0 goal in Penalty Kill
Vancouver Canucks - 3 on 4 Attempt(s) - 75.00%
- Score 0 goal in Penalty Kill
Team Stat
Winnipeg Jets - Hits : 22 - Faceoff Wins : 30 - Blocked Shots : 9 - Penalty Minutes : 10
Vancouver Canucks - Hits : 19 - Faceoff Wins : 31 - Blocked Shots : 4 - Penalty Minutes : 8
Official
Referees : Tom Chmielewski and Wes McCauley
Linesman : Brian Mach and David Brisebois
Game Notes
No Game Note
Finance
Level 1 -- Attendance: 4503 (75.05%) -- Ticket Income $445,797
Level 2 -- Attendance: 3509 (70.18%) -- Ticket Income $207,031
Level 3 -- Attendance: 2222 (74.07%) -- Ticket Income $75,548
Level 4 -- Attendance: 3829 (76.58%) -- Ticket Income $91,896
Luxury Box -- Attendance: 769 (76.90%) -- Ticket Income $153,031
Game was played at the Rogers Arena.
Total Attendance: 14832 (74.16%)
Total Ticket Income: $973,303
Other Income: $340,656
Total Income: $1,313,959
Winnipeg Jets
5 vs 5 Forward
Center Left Wing Right Wing Time % Phy DF OF
1 Connor McDavid Alex DeBrincat Lucas Raymond 30 1 2 2
2 Nick Suzuki Andrew Cogliano Kaapo Kakko 30 1 2 2
3 Matthew Beniers Barclay Goodrow Joel Armia 25 1 2 2
4 Sam Steel Pius Suter Klim Kostin 15 1 2 2
5 vs 5 Defense
Defense Defense Time % Phy DF OF
1 Dante Fabbro Nathan Beaulieu 30 1 2 2
2 Dylan Samberg Calen Addison 30 1 2 2
3 Jordan Harris Ty Smith 25 1 2 2
4 Dante Fabbro Nathan Beaulieu 15 1 2 2
PowerPlay Forward
Center Left Wing Right Wing Time % Phy DF OF
1 Connor McDavid Alex DeBrincat Lucas Raymond 50 1 2 2
2 Nick Suzuki Andrew Cogliano Kaapo Kakko 50 1 2 2
PowerPlay Defense
Defense Defense Time % Phy DF OF
1 Dante Fabbro Nathan Beaulieu 50 1 2 2
2 Dylan Samberg Calen Addison 50 1 2 2
Penalty Kill 4 Players Forward
Center Wing Time % Phy DF OF
1 Connor McDavid Nick Suzuki 50 1 2 2
2 Alex DeBrincat Lucas Raymond 50 1 2 2
Penalty Kill 4 Players Defense
Defense Defense Time % Phy DF OF
1 Dante Fabbro Nathan Beaulieu 50 1 2 2
2 Jordan Harris Dylan Samberg 50 1 2 2
Penalty Kill - 3 Players Forward
Forward Time % Phy DF OF
1 Connor McDavid 50 1 2 2
2 Nick Suzuki 50 1 2 2
Penalty Kill - 3 Players Defense
Defense Defense Time % Phy DF OF
1 Dante Fabbro Nathan Beaulieu 50 1 2 2
2 Jordan Harris Ty Smith 50 1 2 2
4 vs 4 Forward
Center Wing Time % Phy DF OF
1 Connor McDavid Nick Suzuki 50 1 2 2
2 Alex DeBrincat Lucas Raymond 50 1 2 2
4 vs 4 Defense
Defense Defense Time % Phy DF OF
1 Dante Fabbro Nathan Beaulieu 50 1 2 2
2 Dylan Samberg Jordan Harris 50 1 2 2
Last Minutes Offensive
Center Left Wing Right Wing Defense Defense
Connor McDavid Alex DeBrincat Lucas Raymond Dante Fabbro Nathan Beaulieu
Last Minutes Defensive
Center Left Wing Right Wing Defense Defense
Connor McDavid Alex DeBrincat Lucas Raymond Dante Fabbro Nathan Beaulieu
Goaltenders
Starting : Pavel Francouz
Backup : Ukko-Pekka Luukkonen
Extra Forwards
Normal : Matthew Beniers, Barclay Goodrow, Joel Armia - PP : Matthew Beniers, Barclay Goodrow - PK : Joel Armia
Extra Defensemen
Normal : Dylan Samberg, Jordan Harris, Nathan Beaulieu - PP : Dylan Samberg - PK : Jordan Harris, Nathan Beaulieu
Penalty Shots
Connor McDavid, Nick Suzuki, Alex DeBrincat, Lucas Raymond, Matthew Beniers
Vancouver Canucks
5 vs 5 Forward
Center Left Wing Right Wing Time % Phy DF OF
1 Aleksander Barkov Artturi Lehkonen Mikko Rantanen 30 1 2 2
2 Casey Mittelstadt Clayton Keller Kasperi Kapanen 30 1 2 2
3 Jesperi Kotkaniemi Anton Lundell Taylor Raddysh 25 1 2 2
4 Noah Cates Robby Fabbri Sam Lafferty 15 1 2 2
5 vs 5 Defense
Defense Defense Time % Phy DF OF
1 Noah Hanifin Miro Heiskanen 30 1 2 2
2 Chad Ruhwedel Adam Boqvist 30 1 2 2
3 Jake Bean Jacob Bryson 25 1 2 2
4 Noah Hanifin Miro Heiskanen 15 1 2 2
PowerPlay Forward
Center Left Wing Right Wing Time % Phy DF OF
1 Aleksander Barkov Clayton Keller Mikko Rantanen 50 1 2 2
2 Casey Mittelstadt Artturi Lehkonen Kasperi Kapanen 50 1 2 2
PowerPlay Defense
Defense Defense Time % Phy DF OF
1 Noah Hanifin Miro Heiskanen 50 1 2 2
2 Chad Ruhwedel Adam Boqvist 50 1 2 2
Penalty Kill 4 Players Forward
Center Wing Time % Phy DF OF
1 Aleksander Barkov Mikko Rantanen 50 1 2 2
2 Clayton Keller Artturi Lehkonen 50 1 2 2
Penalty Kill 4 Players Defense
Defense Defense Time % Phy DF OF
1 Noah Hanifin Miro Heiskanen 50 1 2 2
2 Chad Ruhwedel Adam Boqvist 50 1 2 2
Penalty Kill - 3 Players Forward
Forward Time % Phy DF OF
1 Aleksander Barkov 50 1 2 2
2 Mikko Rantanen 50 1 2 2
Penalty Kill - 3 Players Defense
Defense Defense Time % Phy DF OF
1 Noah Hanifin Miro Heiskanen 50 1 2 2
2 Chad Ruhwedel Adam Boqvist 50 1 2 2
4 vs 4 Forward
Center Wing Time % Phy DF OF
1 Aleksander Barkov Mikko Rantanen 50 1 2 2
2 Clayton Keller Artturi Lehkonen 50 1 2 2
4 vs 4 Defense
Defense Defense Time % Phy DF OF
1 Noah Hanifin Miro Heiskanen 50 1 2 2
2 Chad Ruhwedel Adam Boqvist 50 1 2 2
Last Minutes Offensive
Center Left Wing Right Wing Defense Defense
Aleksander Barkov Clayton Keller Mikko Rantanen Noah Hanifin Miro Heiskanen
Last Minutes Defensive
Center Left Wing Right Wing Defense Defense
Aleksander Barkov Clayton Keller Mikko Rantanen Noah Hanifin Miro Heiskanen
Goaltenders
Starting : Ville Husso
Backup : Joonas Korpisalo
Extra Forwards
Normal : Taylor Raddysh, Anton Lundell, Jesperi Kotkaniemi - PP : Taylor Raddysh, Anton Lundell - PK : Jesperi Kotkaniemi
Extra Defensemen
Normal : Jake Bean, Jacob Bryson, Chad Ruhwedel - PP : Jake Bean - PK : Jacob Bryson, Chad Ruhwedel
Penalty Shots
Aleksander Barkov, Mikko Rantanen, Clayton Keller, Artturi Lehkonen, Casey Mittelstadt
% Time on Ice - Winnipeg Jets
Lines # - Real PCT - Wanted PCT - Time Play
Normal Forward
1 - 28% - 30% - 12:23
2 - 29% - 30% - 12:32
3 - 26% - 25% - 11:13
4 - 17% - 15% - 7:21
Normal Defense
1 - 32% - 30% - 13:43
2 - 32% - 30% - 13:49
3 - 25% - 25% - 11:04
4 - 11% - 15% - 4:53
PP Forward
1 - 51% - 50% - 3:23
2 - 49% - 50% - 3:13
PP Defense
1 - 42% - 50% - 2:46
2 - 58% - 50% - 3:50
PK Forward
1 - 49% - 50% - 4:51
2 - 51% - 50% - 5:04
PK Defense
1 - 53% - 50% - 5:17
2 - 47% - 50% - 4:38
PK3 Forward
1 - 0% - 50%
2 - 0% - 50%
PK3 Defense
1 - 0% - 50%
2 - 0% - 50%
44 Forward
1 - 0% - 50%
2 - 0% - 50%
44 Defense
1 - 0% - 50%
2 - 0% - 50%
Last Minute Offensive - 0:00
Last Minute Defensive - 0:00
Total
Forward - 60:00
Defense - 60:00
|
% Time on Ice - Vancouver Canucks
Lines # - Real PCT - Wanted PCT - Time Play
Normal Forward
1 - 27% - 30% - 11:41
2 - 27% - 30% - 11:43
3 - 27% - 25% - 11:53
4 - 19% - 15% - 8:12
Normal Defense
1 - 31% - 30% - 13:21
2 - 30% - 30% - 12:53
3 - 30% - 25% - 13:02
4 - 10% - 15% - 4:13
PP Forward
1 - 51% - 50% - 5:02
2 - 49% - 50% - 4:53
PP Defense
1 - 48% - 50% - 4:48
2 - 52% - 50% - 5:07
PK Forward
1 - 49% - 50% - 3:13
2 - 51% - 50% - 3:23
PK Defense
1 - 49% - 50% - 3:13
2 - 51% - 50% - 3:23
PK3 Forward
1 - 0% - 50%
2 - 0% - 50%
PK3 Defense
1 - 0% - 50%
2 - 0% - 50%
44 Forward
1 - 0% - 50%
2 - 0% - 50%
44 Defense
1 - 0% - 50%
2 - 0% - 50%
Last Minute Offensive - 0:00
Last Minute Defensive - 0:00
Total
Forward - 60:00
Defense - 60:00
|
Play-by-Play
1st period
0:01 of 1st period - Aleksander Barkov wins face-off versus Connor McDavid in neutral zone.
0:39 of 1st period - Clayton Keller is hit by Dante Fabbro and loses puck.
1:42 of 1st period - Snap shot by Noah Cates.
1:42 of 1st period - Stopped by Pavel Francouz with a rebound.
3:20 of 1st period - Slapshot by Jesperi Kotkaniemi.
3:20 of 1st period - Stopped by Pavel Francouz with a rebound.
3:22 of 1st period - Wrist shot by Chad Ruhwedel.
3:22 of 1st period - Stopped by Pavel Francouz without a rebound.
3:23 of 1st period - Jesperi Kotkaniemi wins face-off versus Matthew Beniers in Winnipeg Jets zone.
3:26 of 1st period - Wrist shot by Taylor Raddysh.
3:26 of 1st period - Shot Misses the Net.
3:28 of 1st period - Minor Penalty to Calen Addison for Hooking.
3:29 of 1st period - Connor McDavid wins face-off versus Aleksander Barkov in Winnipeg Jets zone.
5:28 of 1st period - Penalty to Calen Addison is over, Calen Addison is back on ice.
5:39 of 1st period - Off-side.
5:40 of 1st period - Sam Steel wins face-off versus Noah Cates in neutral zone.
5:53 of 1st period - Wrist shot by Klim Kostin.
5:53 of 1st period - Stopped by Ville Husso with a rebound.
5:55 of 1st period - Wrist shot by Pius Suter.
5:55 of 1st period - Stopped by Ville Husso without a rebound.
5:56 of 1st period - Jesperi Kotkaniemi wins face-off versus Connor McDavid in Vancouver Canucks zone.
6:01 of 1st period - Wrist shot by Connor McDavid.
6:01 of 1st period - Stopped by Ville Husso without a rebound.
6:02 of 1st period - Anton Lundell wins face-off versus Connor McDavid in Vancouver Canucks zone.
6:02 of 1st period - Anton Lundell is hit by Alex DeBrincat.
6:12 of 1st period - Snap shot by Taylor Raddysh.
6:12 of 1st period - Stopped by Pavel Francouz with a rebound.
6:18 of 1st period - Jesperi Kotkaniemi is hit by Dylan Samberg and loses puck.
7:18 of 1st period - Snap shot by Sam Steel.
7:18 of 1st period - Stopped by Ville Husso without a rebound.
7:19 of 1st period - Alex DeBrincat wins face-off versus Aleksander Barkov in Vancouver Canucks zone.
7:46 of 1st period - Jordan Harris is hit by Kasperi Kapanen and loses puck.
7:55 of 1st period - Wrist shot by Matthew Beniers.
7:55 of 1st period - Shot Misses the Net.
8:13 of 1st period - Wrist shot by Taylor Raddysh.
8:13 of 1st period - Shot Misses the Net.
8:29 of 1st period - Wrist shot by Sam Steel.
8:29 of 1st period - Stopped by Ville Husso with a rebound.
8:45 of 1st period - Snap shot by Aleksander Barkov.
8:45 of 1st period - Stopped by Pavel Francouz with a rebound.
8:47 of 1st period - Slapshot by Noah Hanifin.
8:47 of 1st period - Shot Misses the Net.
8:49 of 1st period - Snap shot by Artturi Lehkonen.
8:49 of 1st period - Stopped by Pavel Francouz without a rebound.
8:50 of 1st period - Mikko Rantanen wins face-off versus Connor McDavid in Winnipeg Jets zone.
9:17 of 1st period - Aleksander Barkov is hit by Dylan Samberg and loses puck.
9:24 of 1st period - Wrist shot by Nick Suzuki.
9:24 of 1st period - Stopped by Ville Husso without a rebound.
9:25 of 1st period - Matthew Beniers wins face-off versus Casey Mittelstadt in Vancouver Canucks zone.
9:34 of 1st period - Wrist shot by Matthew Beniers.
9:34 of 1st period - Stopped by Ville Husso without a rebound.
9:35 of 1st period - Casey Mittelstadt wins face-off versus Matthew Beniers in Vancouver Canucks zone.
10:00 of 1st period - Snap shot by Casey Mittelstadt.
10:00 of 1st period - Stopped by Pavel Francouz with a rebound.
10:08 of 1st period - Slapshot by Clayton Keller.
10:08 of 1st period - Stopped by Pavel Francouz without a rebound.
10:09 of 1st period - Jesperi Kotkaniemi wins face-off versus Kaapo Kakko in Winnipeg Jets zone.
10:40 of 1st period - Slapshot by Nick Suzuki.
10:40 of 1st period - Shot Misses the Net.
10:42 of 1st period - Wrist shot by Alex DeBrincat.
10:42 of 1st period - Deflect By Connor McDavid.
10:42 of 1st period - Shot Misses the Net.
10:42 of 1st period - Puck is out of play.
10:43 of 1st period - Connor McDavid wins face-off versus Aleksander Barkov in Vancouver Canucks zone.
10:52 of 1st period - Snap shot by Lucas Raymond.
10:52 of 1st period - Stopped by Ville Husso without a rebound.
10:53 of 1st period - Connor McDavid wins face-off versus Casey Mittelstadt in Vancouver Canucks zone.
11:16 of 1st period - Minor Penalty to Kasperi Kapanen for Hooking.
11:17 of 1st period - Aleksander Barkov wins face-off versus Connor McDavid in Vancouver Canucks zone.
11:17 of 1st period - Aleksander Barkov is hit by Alex DeBrincat.
11:25 of 1st period - Clayton Keller is hit by Dante Fabbro and loses puck.
11:34 of 1st period - Wrist shot by Lucas Raymond.
11:34 of 1st period - Stopped by Ville Husso without a rebound.
11:35 of 1st period - Aleksander Barkov wins face-off versus Nick Suzuki in Vancouver Canucks zone.
13:16 of 1st period - Penalty to Kasperi Kapanen is over, Kasperi Kapanen is back on ice.
13:27 of 1st period - Miro Heiskanen is hit by Joel Armia and loses puck.
13:48 of 1st period - Miro Heiskanen is hit by Sam Steel and loses puck.
14:01 of 1st period - Wrist shot by Jesperi Kotkaniemi.
14:01 of 1st period - Stopped by Pavel Francouz without a rebound.
14:02 of 1st period - Joel Armia wins face-off versus Jesperi Kotkaniemi in Winnipeg Jets zone.
14:45 of 1st period - Off-side.
14:46 of 1st period - Casey Mittelstadt wins face-off versus Sam Steel in neutral zone.
15:02 of 1st period - Wrist shot by Clayton Keller.
15:02 of 1st period - Stopped by Pavel Francouz without a rebound.
15:03 of 1st period - Connor McDavid wins face-off versus Jesperi Kotkaniemi in Winnipeg Jets zone.
15:03 of 1st period - Connor McDavid is hit by Anton Lundell.
15:17 of 1st period - Snap shot by Lucas Raymond.
15:17 of 1st period - Stopped by Ville Husso with a rebound.
15:19 of 1st period - Slapshot by Nathan Beaulieu.
15:19 of 1st period - Stopped by Ville Husso with a rebound.
15:29 of 1st period - Andrew Cogliano is hit by Noah Hanifin and loses puck.
15:50 of 1st period - Aleksander Barkov is hit by Barclay Goodrow and loses puck.
18:27 of 1st period - Wrist shot by Nick Suzuki.
18:27 of 1st period - Stopped by Ville Husso without a rebound.
18:28 of 1st period - Casey Mittelstadt wins face-off versus Nick Suzuki in Vancouver Canucks zone.
18:49 of 1st period - Wrist shot by Kaapo Kakko.
18:49 of 1st period - Stopped by Ville Husso without a rebound.
18:50 of 1st period - Aleksander Barkov wins face-off versus Connor McDavid in Vancouver Canucks zone.
19:32 of 1st period - Snap shot by Artturi Lehkonen.
19:32 of 1st period - Stopped by Pavel Francouz with a rebound.
19:34 of 1st period - Snap shot by Adam Boqvist.
19:34 of 1st period - Stopped by Pavel Francouz without a rebound.
19:35 of 1st period - Andrew Cogliano wins face-off versus Casey Mittelstadt in Winnipeg Jets zone.
Goals for this period are 0 for Winnipeg Jets vs 0 for Vancouver Canucks.
Shots for this period are 13 for Winnipeg Jets vs 12 for Vancouver Canucks.
2nd period
0:01 of 2nd period - Jesperi Kotkaniemi wins face-off versus Nick Suzuki in neutral zone.
0:52 of 2nd period - Miro Heiskanen is hit by Matthew Beniers and loses puck.
1:07 of 2nd period - Minor Penalty to Barclay Goodrow for Cross-checking.
1:08 of 2nd period - Connor McDavid wins face-off versus Casey Mittelstadt in Winnipeg Jets zone.
2:23 of 2nd period - Lucas Raymond is hit by Mikko Rantanen and loses puck.
3:07 of 2nd period - Penalty to Barclay Goodrow is over, Barclay Goodrow is back on ice.
3:34 of 2nd period - Wrist shot by Noah Cates.
3:34 of 2nd period - Shot Misses the Net.
3:36 of 2nd period - Snap shot by Sam Lafferty.
3:36 of 2nd period - Stopped by Pavel Francouz without a rebound.
3:37 of 2nd period - Noah Cates wins face-off versus Nick Suzuki in Winnipeg Jets zone.
3:40 of 2nd period - Slapshot by Robby Fabbri.
3:40 of 2nd period - Deflect By Noah Cates.
3:40 of 2nd period - Stopped by Pavel Francouz with a rebound.
3:42 of 2nd period - Backhand shot by Sam Lafferty.
3:42 of 2nd period - Shot Misses the Net.
3:44 of 2nd period - Slapshot by Miro Heiskanen.
3:44 of 2nd period - Shot Blocked by Jordan Harris.
3:50 of 2nd period - Slapshot by Noah Cates.
3:50 of 2nd period - Shot Misses the Net.
3:52 of 2nd period - Slapshot by Sam Lafferty.
3:52 of 2nd period - Shot Misses the Net.
4:02 of 2nd period - Taylor Raddysh is hit by Alex DeBrincat and loses puck.
4:09 of 2nd period - Snap shot by Anton Lundell.
4:09 of 2nd period - Stopped by Pavel Francouz with a rebound.
4:11 of 2nd period - Slapshot by Jake Bean.
4:11 of 2nd period - Shot Blocked by Connor McDavid.
4:53 of 2nd period - Snap shot by Sam Steel.
4:53 of 2nd period - Shot Misses the Net.
5:29 of 2nd period - Jesperi Kotkaniemi is hit by Alex DeBrincat.
5:45 of 2nd period - Kasperi Kapanen is hit by Barclay Goodrow and loses puck.
5:54 of 2nd period - Snap shot by Matthew Beniers.
5:54 of 2nd period - Stopped by Ville Husso with a rebound.
5:56 of 2nd period - Snap shot by Dylan Samberg.
5:56 of 2nd period - Shot Misses the Net.
6:08 of 2nd period - Snap shot by Pius Suter.
6:08 of 2nd period - Stopped by Ville Husso without a rebound.
6:09 of 2nd period - Aleksander Barkov wins face-off versus Sam Steel in Vancouver Canucks zone.
6:11 of 2nd period - Minor Penalty to Mikko Rantanen for Boarding.
6:12 of 2nd period - Aleksander Barkov wins face-off versus Andrew Cogliano in Vancouver Canucks zone.
6:38 of 2nd period - Alex DeBrincat is hit by Jesperi Kotkaniemi.
8:11 of 2nd period - Penalty to Mikko Rantanen is over, Mikko Rantanen is back on ice.
8:42 of 2nd period - Pius Suter is hit by Taylor Raddysh and loses puck.
10:31 of 2nd period - Wrist shot by Casey Mittelstadt.
10:31 of 2nd period - Deflect By Kasperi Kapanen.
10:31 of 2nd period - Stopped by Pavel Francouz with a rebound.
10:45 of 2nd period - Connor McDavid is hit by Sam Lafferty and loses puck.
10:52 of 2nd period - Wrist shot by Robby Fabbri.
10:52 of 2nd period - Stopped by Pavel Francouz without a rebound.
10:53 of 2nd period - Nick Suzuki wins face-off versus Aleksander Barkov in Winnipeg Jets zone.
11:06 of 2nd period - Artturi Lehkonen is hit by Andrew Cogliano and loses puck.
11:30 of 2nd period - Clayton Keller is hit by Matthew Beniers and loses puck.
11:38 of 2nd period - Icing by Jake Bean.
11:39 of 2nd period - Connor McDavid wins face-off versus Jesperi Kotkaniemi in Vancouver Canucks zone.
11:44 of 2nd period - Snap shot by Alex DeBrincat.
11:44 of 2nd period - Stopped by Ville Husso with a rebound.
12:08 of 2nd period - Slapshot by Calen Addison.
12:08 of 2nd period - Deflect By Joel Armia.
12:08 of 2nd period - Stopped by Ville Husso with a rebound.
12:16 of 2nd period - Wrist shot by Matthew Beniers.
12:16 of 2nd period - Shot Misses the Net.
12:28 of 2nd period - Snap shot by Nick Suzuki.
12:28 of 2nd period - Deflect By Taylor Raddysh.
12:28 of 2nd period - Shot Blocked by Jacob Bryson.
12:28 of 2nd period - Puck is out of play.
12:29 of 2nd period - Aleksander Barkov wins face-off versus Nick Suzuki in Vancouver Canucks zone.
12:34 of 2nd period - Kaapo Kakko is hit by Aleksander Barkov and loses puck.
12:42 of 2nd period - Icing by Aleksander Barkov.
12:43 of 2nd period - Aleksander Barkov wins face-off versus Connor McDavid in Vancouver Canucks zone.
12:54 of 2nd period - Wrist shot by Aleksander Barkov.
12:54 of 2nd period - Stopped by Pavel Francouz without a rebound.
12:55 of 2nd period - Casey Mittelstadt wins face-off versus Connor McDavid in Winnipeg Jets zone.
13:00 of 2nd period - Snap shot by Casey Mittelstadt.
13:00 of 2nd period - Stopped by Pavel Francouz without a rebound.
13:01 of 2nd period - Casey Mittelstadt wins face-off versus Lucas Raymond in Winnipeg Jets zone.
13:13 of 2nd period - Minor Penalty to Nathan Beaulieu for High sticking.
13:14 of 2nd period - Aleksander Barkov wins face-off versus Nick Suzuki in Winnipeg Jets zone.
13:40 of 2nd period - Connor McDavid is hit by Artturi Lehkonen and loses puck.
14:21 of 2nd period - Dylan Samberg is hit by Chad Ruhwedel and loses puck.
15:13 of 2nd period - Penalty to Nathan Beaulieu is over, Nathan Beaulieu is back on ice.
15:26 of 2nd period - Snap shot by Robby Fabbri.
15:26 of 2nd period - Stopped by Pavel Francouz without a rebound.
15:27 of 2nd period - Jesperi Kotkaniemi wins face-off versus Matthew Beniers in Winnipeg Jets zone.
15:28 of 2nd period - Slapshot by Taylor Raddysh.
15:28 of 2nd period - Stopped by Pavel Francouz without a rebound.
15:29 of 2nd period - Matthew Beniers wins face-off versus Taylor Raddysh in Winnipeg Jets zone.
15:29 of 2nd period - Matthew Beniers is hit by Anton Lundell.
15:51 of 2nd period - Minor Penalty to Jacob Bryson for Cross-checking.
15:52 of 2nd period - Nick Suzuki wins face-off versus Clayton Keller in Vancouver Canucks zone.
16:30 of 2nd period - Slapshot by Calen Addison.
16:30 of 2nd period - Goal by Calen Addison - Winnipeg Jets : 1 - Vancouver Canucks : 0.
16:31 of 2nd period - Nick Suzuki wins face-off versus Casey Mittelstadt in neutral zone.
16:42 of 2nd period - Wrist shot by Andrew Cogliano.
16:42 of 2nd period - Stopped by Ville Husso without a rebound.
16:43 of 2nd period - Artturi Lehkonen wins face-off versus Connor McDavid in Vancouver Canucks zone.
16:48 of 2nd period - Snap shot by Aleksander Barkov.
16:48 of 2nd period - Shot Blocked by Connor McDavid.
17:36 of 2nd period - Anton Lundell is hit by Nathan Beaulieu and loses puck.
18:27 of 2nd period - Snap shot by Alex DeBrincat.
18:27 of 2nd period - Shot Misses the Net.
18:29 of 2nd period - Slapshot by Nathan Beaulieu.
18:29 of 2nd period - Deflect By Connor McDavid.
18:29 of 2nd period - Stopped by Ville Husso with a rebound.
18:43 of 2nd period - Jake Bean is hit by Andrew Cogliano and loses puck.
19:02 of 2nd period - Snap shot by Matthew Beniers.
19:02 of 2nd period - Stopped by Ville Husso without a rebound.
19:03 of 2nd period - Jesperi Kotkaniemi wins face-off versus Matthew Beniers in Vancouver Canucks zone.
19:10 of 2nd period - Snap shot by Joel Armia.
19:10 of 2nd period - Stopped by Ville Husso with a rebound.
19:12 of 2nd period - Slapshot by Jordan Harris.
19:12 of 2nd period - Shot Blocked by Anton Lundell.
19:14 of 2nd period - Snap shot by Ty Smith.
19:14 of 2nd period - Shot Misses the Net.
19:16 of 2nd period - Wrist shot by Joel Armia.
19:16 of 2nd period - Goal by Joel Armia - Winnipeg Jets : 2 - Vancouver Canucks : 0.
19:17 of 2nd period - Connor McDavid wins face-off versus Casey Mittelstadt in neutral zone.
19:21 of 2nd period - Minor Penalty to Kasperi Kapanen for Tripping.
19:22 of 2nd period - Connor McDavid wins face-off versus Clayton Keller in Vancouver Canucks zone.
19:46 of 2nd period - Wrist shot by Aleksander Barkov.
19:46 of 2nd period - Shot Blocked by Dante Fabbro.
Goals for this period are 2 for Winnipeg Jets vs 0 for Vancouver Canucks.
Shots for this period are 10 for Winnipeg Jets vs 9 for Vancouver Canucks.
3rd period
0:01 of 3rd period - Connor McDavid wins face-off versus Clayton Keller in neutral zone.
0:03 of 3rd period - Off-side.
0:04 of 3rd period - Clayton Keller wins face-off versus Connor McDavid in neutral zone.
1:11 of 3rd period - Chad Ruhwedel is hit by Kaapo Kakko and loses puck.
1:21 of 3rd period - Penalty to Kasperi Kapanen is over, Kasperi Kapanen is back on ice.
1:42 of 3rd period - Dante Fabbro is hit by Noah Cates and loses puck.
1:47 of 3rd period - Snap shot by Noah Cates.
1:47 of 3rd period - Goal by Noah Cates - Winnipeg Jets : 2 - Vancouver Canucks : 1.
1:48 of 3rd period - Aleksander Barkov wins face-off versus Connor McDavid in neutral zone.
1:51 of 3rd period - Snap shot by Aleksander Barkov.
1:51 of 3rd period - Shot Misses the Net.
1:53 of 3rd period - Snap shot by Mikko Rantanen.
1:53 of 3rd period - Shot Misses the Net.
1:55 of 3rd period - Snap shot by Artturi Lehkonen.
1:55 of 3rd period - Shot Misses the Net.
1:57 of 3rd period - Slapshot by Miro Heiskanen.
1:57 of 3rd period - Shot Misses the Net.
2:01 of 3rd period - Wrist shot by Mikko Rantanen.
2:01 of 3rd period - Stopped by Pavel Francouz without a rebound.
2:02 of 3rd period - Nick Suzuki wins face-off versus Casey Mittelstadt in Winnipeg Jets zone.
2:07 of 3rd period - Adam Boqvist is hit by Dylan Samberg and loses puck.
2:14 of 3rd period - Snap shot by Casey Mittelstadt.
2:14 of 3rd period - Shot Misses the Net.
2:16 of 3rd period - Slapshot by Chad Ruhwedel.
2:16 of 3rd period - Shot Blocked by Calen Addison.
2:18 of 3rd period - Slapshot by Chad Ruhwedel.
2:18 of 3rd period - Shot Misses the Net.
2:46 of 3rd period - Minor Penalty to Calen Addison for Tripping.
2:47 of 3rd period - Aleksander Barkov wins face-off versus Alex DeBrincat in Winnipeg Jets zone.
3:02 of 3rd period - Wrist shot by Clayton Keller.
3:02 of 3rd period - Deflect By Nick Suzuki.
3:02 of 3rd period - Stopped by Pavel Francouz with a rebound.
3:04 of 3rd period - Slapshot by Miro Heiskanen.
3:04 of 3rd period - Shot Blocked by Connor McDavid.
3:21 of 3rd period - Off-side.
3:22 of 3rd period - Casey Mittelstadt wins face-off versus Alex DeBrincat in neutral zone.
3:58 of 3rd period - Wrist shot by Mikko Rantanen.
3:58 of 3rd period - Deflect By Aleksander Barkov.
3:58 of 3rd period - Shot Misses the Net.
3:58 of 3rd period - Puck is out of play.
3:59 of 3rd period - Casey Mittelstadt wins face-off versus Connor McDavid in Winnipeg Jets zone.
4:04 of 3rd period - Snap shot by Casey Mittelstadt.
4:04 of 3rd period - Stopped by Pavel Francouz with a rebound.
4:10 of 3rd period - Wrist shot by Artturi Lehkonen.
4:10 of 3rd period - Shot Misses the Net.
4:12 of 3rd period - Slapshot by Miro Heiskanen.
4:12 of 3rd period - Shot Blocked by Dante Fabbro.
4:14 of 3rd period - Slapshot by Miro Heiskanen.
4:14 of 3rd period - Stopped by Pavel Francouz with a rebound.
4:46 of 3rd period - Penalty to Calen Addison is over, Calen Addison is back on ice.
4:55 of 3rd period - Off-side.
4:56 of 3rd period - Matthew Beniers wins face-off versus Jesperi Kotkaniemi in neutral zone.
4:56 of 3rd period - Barclay Goodrow is hit by Taylor Raddysh and loses puck.
5:05 of 3rd period - Wrist shot by Anton Lundell.
5:05 of 3rd period - Shot Blocked by Nathan Beaulieu.
5:17 of 3rd period - Snap shot by Jesperi Kotkaniemi.
5:17 of 3rd period - Shot Blocked by Joel Armia.
5:28 of 3rd period - Slapshot by Jesperi Kotkaniemi.
5:28 of 3rd period - Shot Hit the Post.
5:50 of 3rd period - Snap shot by Matthew Beniers.
5:50 of 3rd period - Shot Misses the Net.
5:52 of 3rd period - Snap shot by Joel Armia.
5:52 of 3rd period - Shot Misses the Net.
5:54 of 3rd period - Snap shot by Joel Armia.
5:54 of 3rd period - Stopped by Ville Husso with a rebound.
5:56 of 3rd period - Slapshot by Nathan Beaulieu.
5:56 of 3rd period - Shot Misses the Net.
6:08 of 3rd period - Snap shot by Matthew Beniers.
6:08 of 3rd period - Shot Blocked by Miro Heiskanen.
6:49 of 3rd period - Wrist shot by Taylor Raddysh.
6:49 of 3rd period - Stopped by Pavel Francouz without a rebound.
6:50 of 3rd period - Connor McDavid wins face-off versus Aleksander Barkov in Winnipeg Jets zone.
6:50 of 3rd period - Connor McDavid is hit by Mikko Rantanen.
7:59 of 3rd period - Jordan Harris is hit by Adam Boqvist and loses puck.
8:08 of 3rd period - Wrist shot by Aleksander Barkov.
8:08 of 3rd period - Shot Misses the Net.
8:18 of 3rd period - Kasperi Kapanen is hit by Nick Suzuki and loses puck.
8:35 of 3rd period - Snap shot by Noah Cates.
8:35 of 3rd period - Stopped by Pavel Francouz without a rebound.
8:36 of 3rd period - Sam Steel wins face-off versus Noah Cates in Winnipeg Jets zone.
8:36 of 3rd period - Sam Steel is hit by Jake Bean.
8:46 of 3rd period - Snap shot by Robby Fabbri.
8:46 of 3rd period - Shot Misses the Net.
8:50 of 3rd period - Snap shot by Robby Fabbri.
8:50 of 3rd period - Shot Misses the Net.
8:52 of 3rd period - Wrist shot by Sam Lafferty.
8:52 of 3rd period - Shot Misses the Net.
9:11 of 3rd period - Connor McDavid is hit by Clayton Keller and loses puck.
9:36 of 3rd period - Slapshot by Nick Suzuki.
9:36 of 3rd period - Shot Misses the Net.
10:48 of 3rd period - Slapshot by Jake Bean.
10:48 of 3rd period - Shot Misses the Net.
10:50 of 3rd period - Wrist shot by Clayton Keller.
10:50 of 3rd period - Shot Misses the Net.
11:35 of 3rd period - Aleksander Barkov is hit by Joel Armia.
12:06 of 3rd period - Robby Fabbri is hit by Sam Steel and loses puck.
12:13 of 3rd period - Sam Steel is hit by Noah Cates and loses puck.
12:20 of 3rd period - Wrist shot by Noah Cates.
12:20 of 3rd period - Shot Misses the Net.
12:22 of 3rd period - Wrist shot by Robby Fabbri.
12:22 of 3rd period - Stopped by Pavel Francouz with a rebound.
12:24 of 3rd period - Snap shot by Noah Cates.
12:24 of 3rd period - Stopped by Pavel Francouz with a rebound.
12:38 of 3rd period - Slapshot by Miro Heiskanen.
12:38 of 3rd period - Stopped by Pavel Francouz with a rebound.
12:40 of 3rd period - Snap shot by Robby Fabbri.
12:40 of 3rd period - Stopped by Pavel Francouz with a rebound.
12:42 of 3rd period - Slapshot by Chad Ruhwedel.
12:42 of 3rd period - Stopped by Pavel Francouz with a rebound.
12:50 of 3rd period - Wrist shot by Robby Fabbri.
12:50 of 3rd period - Shot Misses the Net.
12:52 of 3rd period - Slapshot by Noah Cates.
12:52 of 3rd period - Shot Misses the Net.
12:54 of 3rd period - Slapshot by Chad Ruhwedel.
12:54 of 3rd period - Stopped by Pavel Francouz with a rebound.
12:58 of 3rd period - Slapshot by Sam Lafferty.
12:58 of 3rd period - Stopped by Pavel Francouz with a rebound.
13:13 of 3rd period - Wrist shot by Dante Fabbro.
13:13 of 3rd period - Stopped by Ville Husso with a rebound.
13:15 of 3rd period - Slapshot by Dante Fabbro.
13:15 of 3rd period - Goal by Dante Fabbro - Winnipeg Jets : 3 - Vancouver Canucks : 1.
13:16 of 3rd period - Connor McDavid wins face-off versus Casey Mittelstadt in neutral zone.
13:19 of 3rd period - Snap shot by Lucas Raymond.
13:19 of 3rd period - Deflect By Clayton Keller.
13:19 of 3rd period - Stopped by Ville Husso without a rebound.
13:20 of 3rd period - Casey Mittelstadt wins face-off versus Connor McDavid in Vancouver Canucks zone.
13:31 of 3rd period - Wrist shot by Connor McDavid.
13:31 of 3rd period - Stopped by Ville Husso without a rebound.
13:32 of 3rd period - Nick Suzuki wins face-off versus Aleksander Barkov in Vancouver Canucks zone.
13:33 of 3rd period - Slapshot by Kaapo Kakko.
13:33 of 3rd period - Stopped by Ville Husso with a rebound.
13:48 of 3rd period - Minor Penalty to Nathan Beaulieu for Hooking.
13:49 of 3rd period - Connor McDavid wins face-off versus Aleksander Barkov in Winnipeg Jets zone.
15:48 of 3rd period - Penalty to Nathan Beaulieu is over, Nathan Beaulieu is back on ice.
16:15 of 3rd period - Snap shot by Connor McDavid.
16:15 of 3rd period - Goal by Connor McDavid - Winnipeg Jets : 4 - Vancouver Canucks : 1.
16:16 of 3rd period - Matthew Beniers wins face-off versus Aleksander Barkov in neutral zone.
16:21 of 3rd period - Slapshot by Matthew Beniers.
16:21 of 3rd period - Goal by Matthew Beniers - Winnipeg Jets : 5 - Vancouver Canucks : 1.
16:22 of 3rd period - Nick Suzuki wins face-off versus Casey Mittelstadt in neutral zone.
16:31 of 3rd period - Wrist shot by Clayton Keller.
16:31 of 3rd period - Shot Misses the Net.
17:30 of 3rd period - Slapshot by Anton Lundell.
17:30 of 3rd period - Shot Misses the Net.
17:32 of 3rd period - Slapshot by Miro Heiskanen.
17:32 of 3rd period - Stopped by Pavel Francouz without a rebound.
17:33 of 3rd period - Casey Mittelstadt wins face-off versus Nick Suzuki in Winnipeg Jets zone.
17:48 of 3rd period - Wrist shot by Casey Mittelstadt.
17:48 of 3rd period - Goal by Casey Mittelstadt - Winnipeg Jets : 5 - Vancouver Canucks : 2.
17:49 of 3rd period - Nick Suzuki wins face-off versus Aleksander Barkov in neutral zone.
17:52 of 3rd period - Slapshot by Dylan Samberg.
17:52 of 3rd period - Stopped by Ville Husso with a rebound.
18:26 of 3rd period - Snap shot by Lucas Raymond.
18:26 of 3rd period - Deflect By Connor McDavid.
18:26 of 3rd period - Shot Misses the Net.
18:26 of 3rd period - Puck is out of play.
18:27 of 3rd period - Connor McDavid wins face-off versus Anton Lundell in Vancouver Canucks zone.
18:40 of 3rd period - Wrist shot by Jesperi Kotkaniemi.
18:40 of 3rd period - Stopped by Pavel Francouz with a rebound.
18:42 of 3rd period - Slapshot by Jesperi Kotkaniemi.
18:42 of 3rd period - Stopped by Pavel Francouz with a rebound.
19:17 of 3rd period - Snap shot by Matthew Beniers.
19:17 of 3rd period - Stopped by Ville Husso with a rebound.
19:19 of 3rd period - Slapshot by Ty Smith.
19:19 of 3rd period - Stopped by Ville Husso without a rebound.
19:20 of 3rd period - Connor McDavid wins face-off versus Casey Mittelstadt in Vancouver Canucks zone.
19:33 of 3rd period - Snap shot by Alex DeBrincat.
19:33 of 3rd period - Shot Blocked by Noah Hanifin.
19:47 of 3rd period - Andrew Cogliano is hit by Jesperi Kotkaniemi and loses puck.
Goals for this period are 3 for Winnipeg Jets vs 2 for Vancouver Canucks.
Shots for this period are 11 for Winnipeg Jets vs 18 for Vancouver Canucks.
Back to the Top